 Dungeon Crawl Stone Soup version 0.29-a0-284-gf9362112df (webtiles) character file.

Game seed: 3797906974567397067

226 sammy202020 the Skirmisher (level 6, -4/39 HPs)
             Began as a Gargoyle Berserker on Mar 16, 2022.
             Was a Believer of Trog.
             Slain by a bullfrog (7 damage)
             ... in a sewer.
             The game lasted 00:05:41 (3557 turns).

sammy202020 the Skirmisher (Gargoyle Berserker)     Turns: 3557, Time: 00:05:41

Health: -4/39      AC:  8    Str: 21    XL:     6   Next: 1%
Magic:  6/6        EV: 11    Int:  9    God:    Trog [**....]
Gold:   123        SH:  0    Dex:  9    Spells: 5/5 levels left

rFire   . . .      SeeInvis .   a - +1 mace
rCold   . . .      Faith    .   (no shield)
rNeg    + . .      Spirit   .   f - +1 leather armour
rPois   ∞          Reflect  .   (no helmet)
rElec   +          Harm     .   (no cloak)
rCorr   .          Rampage  .   (no gloves)
Will    ++...                   (no boots)
Stlth   +.........              b - amulet of the acrobat
HPRegen 1.13/turn               (no ring)
MPRegen 0.10/turn               (no ring)

@: strong-willed, on berserk cooldown, regenerating, slowed, very slow
A: sickness immunity, AC +4, negative energy resistance 1, electricity
resistance, torment resistance 1, petrification resistance
a: Renounce Religion, Berserk, Trog's Hand


You were in a sewer.
You worshipped Trog.
Trog was pleased with you.
You visited 1 branch of the dungeon, and saw 3 of its levels.
You also visited: Sewer.

You collected 123 gold pieces.

Inventory:

Hand Weapons
 a - a +1 mace (weapon)
Missiles
 c - 4 poisoned darts (quivered)
Armour
 f - a +1 leather armour (worn)
Jewellery
 b - an amulet of the acrobat (around neck)
Scrolls
 d - a scroll of noise
Potions
 m - a potion of berserk rage {unknown}
 n - a potion of curing {unknown}


   Skills:
 * Level 4.6 Fighting
 * Level 4.1 Maces & Flails
 * Level 4.0 Armour
 + Level 2.4 Dodging


You had 5 spell levels left.
You didn't know any spells.
Your spell library was empty.

Dungeon Overview and Level Annotations

Branches:
Dungeon (3/15)              Sewer (1/1)

Altars:

Shops:
D:2 *=


Innate Abilities, Weirdness & Mutations

You are immune to sickness and miasma.
Your stone body is resilient. (AC +4)
You are immune to poison.
You resist negative energy. (rN+)
You are resistant to electric shocks. (rElec)
You are resistant to unholy torment.
You are immune to petrification.


Message History

You sock the frilled lizard!
You kill the frilled lizard!
Trog accepts your kill.
The endoplasm splashes around in the water.
You thump the endoplasm!
You kill the endoplasm!
Trog accepts your kill.
You enter the shallow water.
Moving in this stuff is going to be slow.
You see here a bullfrog corpse.
You feel a strong urge to attack something.
You are no longer berserk.
You are exhausted.
You feel yourself slow down.
Your skin stops crawling.
You feel less strong-willed.
A frilled lizard comes into view.
The frilled lizard hisses angrily.
A bullfrog comes into view.
The bullfrog moves out of view.
The bullfrog gives a loud, deep croak!
The bullfrog closely misses you. The bullfrog completely misses you.
You hit the frilled lizard.
The frilled lizard is heavily wounded.
The bullfrog hits you. The frilled lizard barely misses you.
The bullfrog hits you.
* * * LOW HITPOINT WARNING * * *
The frilled lizard bites you but does no damage.
You barely miss the bullfrog. The bullfrog hits you.
* * * LOW HITPOINT WARNING * * *
The bullfrog hits you.
* * * LOW HITPOINT WARNING * * *
The frilled lizard bites you.
* * * LOW HITPOINT WARNING * * *
The bullfrog hits you but does no damage.
The frilled lizard closely misses you.
Your skin crawls.
You feel strong-willed.
The bullfrog hits you but does no damage.
The bullfrog hits you!
You die...

#≈≈..##≈≈≈†≈#######≈≈≈≈≈##≈≈
##≈≈≈##≈≈≈.###≈≈≈≈≈###..≈≈##≈
#≈≈≈≈#.≈≈≈##≈≈≈≈≈≈≈≈ ##≈≈≈≈#≈
##≈≈≈##.≈≈##≈.≈...≈.≈ ##≈≈≈##
#...≈#...†#≈≈../?[..≈ #≈≈≈.#
#∩.≈≈#≈≈≈≈#≈≈.???.≈≈≈ #≈≈≈≈#
#.†≈.#≈≈..#≈≈≈≈$≈≈≈≈≈ #≈≈.≈#
##≈.≈##≈≈≈#≈≈≈l≈≈≈≈.≈ ##≈≈.##
#≈≈≈.#.≈≈#≈≈@F≈..≈≈≈ ##≈≈.≈#≈
##.≈≈##≈.##†≈#≈.≈≈≈###≈≈.≈##≈
#≈≈≈≈##≈≈#≈≈#######≈..≈≈##≈.
##.≈≈≈#.≈##††.≈≈≈†≈≈.≈###≈≈.
##≈≈≈≈≈≈≈#..≈≈≈≈≈≈####≈≈≈≈≈
####≈≈.#######.∩≈#≈≈≈.≈≈≈#
##≈≈#≈≈≈≈≈#####≈≈≈≈####
####≈≈≈≈≈†≈.≈≈≈####≈.∩
#.≈≈#########≈...≈#


You could see a bullfrog and a frilled lizard.

Vanquished Creatures
  A bullfrog (Sewer)
  6 adders
  2 worms
  A dart slug (D:2)
  10 endoplasms
  14 giant cockroaches
  7 goblins
  9 hobgoblins
  4 kobolds
  8 quokkas
  12 ball pythons
  5 bats
  8 frilled lizards
  5 rats
92 creatures vanquished.

Notes
Turn   | Place    | Note
-------+----------+-------------------------------------------
     0 | D:1      | sammy202020 the Gargoyle Berserker began the quest for the
                  | Orb.
     0 | D:1      | Reached XP level 1. HP: 14/14 MP: 1/1
   135 | D:1      | Reached XP level 2. HP: 19/19 MP: 2/2
   694 | D:1      | Reached XP level 3. HP: 24/24 MP: 3/3
   875 | D:2      | Reached ** piety under Trog
  1102 | D:2      | Found Jiek's Jewellery Shop.
  1189 | D:2      | Reached XP level 4. HP: 6/29 MP: 4/4
  1491 | D:2      | Found Zeceoc's General Store.
  2022 | D:3      | Found a glowing drain.
  2048 | Sewer    | Entered a sewer
  3178 | Sewer    | Reached XP level 5. HP: 33/33 MP: 5/5
  3546 | Sewer    | Reached XP level 6. HP: 13/39 MP: 6/6
  3556 | Sewer    | HP: 1/39 [frilled lizard (2)]
  3557 | Sewer    | Slain by a bullfrog

Illustrated notes

Levels and vault maps discovered:
D:1:      ebering_trefoil_3fold, layout_basic, chequers_garden,
          chequers_serial_rivers_large_a, chequers_serial_rivers_small_b
D:2:      layout_loops_ring, serial_shops, shop, nicolae_shop_hallway_plus,
          minmay_distorted
D:3:      layout_loops_ring, cheibrodos_sewer_entry_drain,
          ebering_ecumenical_altar_mist
Sewer:    sewer_frog_island_02

Skill      XL: |  1  2  3  4  5 |
---------------+----------------+-----
Armour         | 3 4 |  4.0
Fighting       | 4 |  4.6
Dodging        | 2 |  2.4
Maces & Flails | 4 |  4.1

Action                   |  1- 3 |  4- 6 || total
-------------------------+-------+-------++-------
Melee: Mace              |   123 |   215 ||   338
       Punch             |     1 |     1 ||     2
Invok: Berserk           |     3 |     3 ||     6
       Trog's Hand       |     1 |     3 ||     4
  Use: Scroll            |       |     8 ||     8
Armor: Animal skin       |    11 |       ||    11
       Leather armour    |    86 |   148 ||   234
Dodge: Dodged            |   114 |   241 ||   355

Table legend: (Time is in decaauts)
 A = Elapsed time spent in this place.
 B = Non-inter-level travel time spent in this place.
 C = Inter-level travel time spent in this place.
 D = Time resting spent in this place.
 E = Time spent auto-exploring this place.
 F = Levels seen in this place.
 G = Mean time per level.
                   A        B        C        D        E       F      G
               +--------+--------+--------+--------+--------+-----+--------+
         Total |   3756 |   3711 |     45 |    878 |   2092 |   4 |  939.0 |
       Dungeon |   2123 |   2078 |     45 |     98 |   1584 |   3 |  707.7 |
         Sewer |   1632 |   1632 |      0 |    780 |    508 |   1 | 1632.0 |
               +--------+--------+--------+--------+--------+-----+--------+

Top non-repeatable levels by time:
   Sewer: 1632 daAuts
     D:2: 1183 daAuts
     D:1: 911 daAuts
     D:3: 28 daAuts
